 Dungeon Crawl Stone Soup version 0.30-a0-137-gd8773701ce (webtiles) character file.

Game seed: 4684414605324787749

2508 LnG the Covert (level 9, -2/37 (49) HPs)
             Began as a Kobold Summoner on Sept 23, 2022.
             Was an Initiate of Yredelemnul.
             Slain by a wight
             ... wielding a +5 mace
              (3 damage)
             ... on level 7 of the Dungeon.
             The game lasted 00:26:43 (7570 turns).

LnG the Covert (Kobold Summoner)                    Turns: 7570, Time: 00:26:47

HP:   -2/37 (49)    AC:  6    Str:  6    XL:     9   Next: 83%
MP:   1/12          EV: 15    Int: 26    God:    Yredelemnul [......]
Gold: 307           SH:  0    Dex: 15    Spells: 3/12 levels left

rFire   + . .      SeeInvis .    c - +0 dagger
rCold   + + .      Faith    .    (no shield)
rNeg    . . .      Spirit   .    a - +0 robe
rPois   .          Reflect  .    (no helmet)
rElec   +          Harm     .    (no cloak)
rCorr   .          Rampage  .    (no gloves)
Will    .....                    (no boots)
Stlth   +++++++...               (no amulet)
HPRegen 0.12/turn                t - +6 ring of intelligence
MPRegen 0.13/turn                j - ring "Viawk" {rElec rF+ rC++ Will- AC+4}

@: brilliant, heavily drained
A: small, no large weapons, nightstalker 3
a: Renounce Religion, Recall Undead Harvest


You were on level 7 of the Dungeon.
You worshipped Yredelemnul.
Yredelemnul was noncommittal.
You visited 2 branches of the dungeon, and saw 9 of its levels.

You collected 412 gold pieces.
You spent 105 gold pieces at shops.

Inventory:

Hand Weapons
 c - a +0 dagger (weapon)
Armour
 a - a +0 robe (worn)
 g - an orb of wrath
 o - a +0 pair of gloves
Jewellery
 f - a ring of ice
 h - a +4 ring of protection
 j - the ring "Viawk" (right hand) {rElec rF+ rC++ Will- AC+4}
   (You bought it in a shop on level 2 of the Dungeon)

   [ring of protection]

   AC:        It affects your AC (+4).
   rF:        It protects you from fire.
   rC:        It greatly protects you from cold.
   rElec:     It insulates you from electricity.
   Will:      It decreases your willpower.
 t - a +6 ring of intelligence (left hand)
Scrolls
 d - 4 scrolls of teleportation
 k - a scroll of vulnerability {unknown}
 l - 2 scrolls of enchant weapon {unknown}
 p - 2 scrolls of identify {unknown}
 q - 3 scrolls of immolation {unknown}
 r - a scroll of brand weapon {unknown}
 v - a scroll of silence {unknown}
 w - a scroll of fog {unknown}
 x - a scroll of magic mapping {unknown}
 y - a scroll of poison {unknown}
 A - a scroll of noise {unknown}
Potions
 b - 2 potions of magic
 e - 2 potions of brilliance
 i - 2 potions of ambrosia {unknown}
 s - 4 potions of might {unknown}
 u - a potion of mutation {unknown}
 z - 2 potions of flight {unknown}
 B - 2 potions of invisibility {unknown}


   Skills:
 + Level 2.7 Fighting
 + Level 5.4 Short Blades
 - Level 2.4 Dodging
 * Level 14.5 Stealth
 - Level 0.4 Unarmed Combat
 - Level 2.1 Spellcasting
 + Level 1.2 Hexes
 + Level 6.2 Summonings


You had 3 spell levels left.
You knew the following spells:

 Your Spells              Type           Power      Damage    Failure   Level
a - Summon Small Mammal   Summ           100%       N/A       1%          1
b - Call Imp              Summ           52%        N/A       1%          2
c - Call Canine Familiar  Summ           52%        N/A       2%          3
d - Summon Guardian Gole  Hex/Summ       33%        N/A       7%          3

Your spell library contained the following spells:

 Spells                   Type           Power      Damage    Failure   Level
 Blink                    Tloc           8%         N/A       16%         2
 Tukima's Dance           Hex            14%        N/A       19%         3
 Portal Projectile        Hex/Tloc       18%        N/A       24%         3
 Lesser Beckoning         Tloc           4%         N/A       30%         3
 Summon Lightning Spire   Summ/Air       28%        N/A       28%         4
 Manifold Assault         Tloc           4%         N/A       71%         4
 Blade Hands              Tmut           2%         N/A       96%         5


Dungeon Overview and Level Annotations

Branches:
Dungeon (8/15)             Temple (1/1) D:4
   Lair: D:8-11

Altars:
Ashenzari
Cheibriados
Dithmenos
Elyvilon
Fedhas
Gozag
Kikubaaqudgha
Makhleb
Nemelex Xobeh
Okawaru
Qazlal
Ru
Sif Muna
Trog
Uskayaw
Vehumet
Yredelemnul
Zin
The Shining One

Shops:
D:2 *   D:7 =


Innate Abilities, Weirdness & Mutations

You are small and have problems with some larger weapons.
You are completely attuned to the shadows.


Message History

You feel clever all of a sudden. The wight barely misses you.
Casting: Call Canine Familiar (dangerous; 2% risk of failure)
Confirm with . or Enter, or press ? or * to list all spells.
Okay, then.
Okay, then.
It was a potion of curing.
You feel better.
Your hound closely misses the wight.
The wight hits you with a +5 mace!
* * * LOW HITPOINT WARNING * * *
You feel drained.
* * * LOW HITPOINT WARNING * * *
Your hound bites the wight but does no damage.
Unknown command.
You feel better.
Your hound barely misses the wight.
The wight completely misses you.
You hit the wight but do no damage.
The wight is severely damaged.
Your hound barely misses the wight.
The wight barely misses you.
You hit the wight.
The wight is almost destroyed.
Your hound barely misses the wight.
You barely miss the wight. You punch the wight, but do no damage.
The wight is almost destroyed.
Your hound completely misses the wight.
The wight barely misses you.
Your hound closely misses the wight.
You hit the wight but do no damage.
The wight is almost destroyed.
The wight hits you with a +5 mace!
* * * LOW HITPOINT WARNING * * *
Your hound barely misses the wight.
You feel better.
Your hound misses the wight. The wight hits you with a +5 mace!
* * * LOW HITPOINT WARNING * * *
You feel better.
Your hound bites the wight but does no damage.
The wight hits you with a +5 mace!
* * * LOW HITPOINT WARNING * * *
You feel drained.
You die...
Your body rises from the dead as a mindless zombie.

#............Z##...#
_..8...⌠...8ZZZZ...# ######
#............Z##..######....#
##...8...8..Z##........#....#
.##.........##.........#....#
..##.......###.........#....#
...#...#...# #.........#....#
...#...#...######h######....##
...#..###..#....@z.>.........#
####..# #..#####......##.....#
####.## ##.#.# #.#.#...#.....#
..'#_# #_#.###.#.#.#.#.....#
###### ###.#...#...#.#####.####
....######.#Z#.###......## #....#
..####...#.#...# #.###...# ####.#
.........'.##### #.# ##..# #.#
...###...#########.#####.######..


You could see a wight (ally target) and a friendly hound (summoned).

Vanquished Creatures
  A wyvern (D:7)
  A steam dragon (D:7)
  A water moccasin (D:6)
  A black bear (D:4)
  A sky beast (D:7)
  An orc warrior (D:7)
  4 ice beasts
  2 ogres (D:4)
  A centaur (D:5)
  A phantom (D:5)
  A bullfrog (D:7)
  2 scorpions
  2 wights (D:8)
  3 jellies
  A hound (D:5)
  An orc priest (D:7)
  2 orc wizards
  3 adders
  A shadow imp (D:7)
  A white imp (D:6)
  3 ufetubi
  2 worms
  2 dart slugs
  7 ball pythons
  6 endoplasms
  2 giant cockroaches (D:2)
  6 goblins
  2 jackals (D:2)
  4 quokkas
  3 bats
  3 frilled lizards
  3 kobolds
  A kobold skeleton (D:6)
  4 rats
79 creatures vanquished.

Vanquished Creatures (collateral kills)
  A human (D:6)
  A scorpion (D:6)
  A howler monkey (D:6)
  2 orc priests
  2 gnoll boudas
  An iguana (D:4)
  An adder (D:6)
  15 gnolls
  A worm (D:3)
  7 orcs
  A ball python (D:2)
  A giant cockroach (D:4)
  A goblin (D:4)
  2 hobgoblins
  3 kobolds
  A rat (D:3)
41 creatures vanquished.

Vanquished Creatures (others)
  A howler monkey zombie (D:6)
  A gnoll (D:6)
  2 orcs (D:6)
  A gnoll zombie (D:6)
  An orc zombie (D:6)
6 creatures vanquished.

Grand Total: 126 creatures vanquished

Notes
Turn   | Place    | Note
-------+----------+-------------------------------------------
     0 | D:1      | LnG the Kobold Summoner began the quest for the Orb.
     0 | D:1      | Reached XP level 1. HP: 10/10 MP: 3/3
   225 | D:1      | Reached skill level 3 in Stealth
   290 | D:1      | Reached XP level 2. HP: 15/15 MP: 1/5
   962 | D:2      | Found Faf Lil's Assorted Antiques.
   973 | D:2      | Reached skill level 1 in Fighting
   973 | D:2      | Reached XP level 3. HP: 12/20 MP: 2/6
   983 | D:2      | Reached skill level 4 in Stealth
  1111 | D:2      | Learned a level 2 spell: Call Imp
  1115 | D:2      | Learned a level 3 spell: Call Canine Familiar
  1189 | D:2      | Reached XP level 4. HP: 25/25 MP: 7/7
  1237 | D:2      | Bought a crude amber ring for 105 gold pieces
  1237 | D:2      | Identified the ring "Viawk" {rElec rF+ rC++ Will- AC+4}
                  | (You bought it in a shop on level 2 of the Dungeon)
  1351 | D:2      | Reached skill level 5 in Stealth
  1790 | D:2      | Reached XP level 5. HP: 26/29 MP: 4/8
  2126 | D:2      | Found a faded altar of an unknown god.
  2267 | D:3      | Reached skill level 6 in Stealth
  2378 | D:3      | Found a blossoming altar of Fedhas.
  2639 | D:3      | Found a stormy altar of Qazlal.
  2702 | D:3      | You fall into a shaft and drop 3 floors!
  2823 | D:5      | Entered Level 5 of the Dungeon
  2825 | D:5      | Reached skill level 1 in Short Blades
  2825 | D:5      | Reached skill level 7 in Stealth
  2825 | D:5      | Reached XP level 6. HP: 34/34 MP: 9/9
  2849 | D:4      | Noticed a black bear
  2855 | D:4      | Killed a black bear
  2931 | D:4      | Noticed an ogre
  2935 | D:4      | Killed an ogre
  2936 | D:4      | Reached skill level 8 in Stealth
  2936 | D:4      | Reached XP level 7. HP: 39/39 MP: 10/10
  3179 | D:4      | Found a staircase to the Ecumenical Temple.
  3186 | Temple   | Entered the Ecumenical Temple
  3377 | D:4      | Found a snail-covered altar of Cheibriados.
  3382 | D:4      | Found a shadowy altar of Dithmenos.
  3384 | D:4      | Found a faded altar of an unknown god.
  3385 | D:4      | Found a glowing golden altar of the Shining One.
  3390 | D:4      | Found an opulent altar of Gozag.
  3552 | D:4      | Reached skill level 9 in Stealth
  4100 | D:5      | Reached skill level 10 in Stealth
  4100 | D:5      | Reached XP level 8. HP: 44/44 MP: 11/11
  4340 | D:5      | Reached skill level 5 in Summonings
  4413 | D:5      | Learned a level 3 spell: Summon Guardian Golem
  4529 | D:5      | Reached skill level 11 in Stealth
  4916 | D:6      | Found a runed translucent door.
  4916 | D:6      | Noticed a human
  4919 | D:6      | Found a basalt altar of Yredelemnul.
  4996 | D:6      | Killed a human
  4997 | D:6      | Reached skill level 12 in Stealth
  5037 | D:6      | Became a worshipper of Yredelemnul the Dark
  5102 | D:6      | Reached * piety under Yredelemnul
  5463 | D:6      | Reached XP level 9. HP: 27/49 MP: 4/12
  5645 | D:6      | Found a radiant altar of Vehumet.
  5895 | D:6      | Reached ** piety under Yredelemnul
  6160 | D:7      | Reached skill level 13 in Stealth
  6235 | D:7      | Found a bloodstained altar of Trog.
  6242 | D:7      | Found a shimmering blue altar of Sif Muna.
  6246 | D:7      | Found a hide-covered altar of Uskayaw.
  6262 | D:7      | Found a sparkling altar of Nemelex Xobeh.
  6369 | D:7      | Reached skill level 5 in Short Blades
  6537 | D:7      | Found Jeni Byl's Jewellery Shoppe.
  6551 | D:7      | Reached skill level 1 in Hexes
  6560 | D:7      | Reached skill level 14 in Stealth
  6823 | D:7      | Reached *** piety under Yredelemnul
  7294 | D:7      | Found a white marble altar of Elyvilon.
  7569 | D:7      | HP: 1/39 [wight/+5 mace (14)]
  7570 | D:7      | Slain by a wight

Illustrated notes

Levels and vault maps discovered:
D:1:      ncdulo_wetmaze, layout_basic
D:2:      layout_loops_ring, hellmonk_ecumenical_altar_dog_temple, serial_shops,
          shop, minmay_misc_feat_square
D:3:      layout_basic, mainiacjoe_overflow_24_doors,
          lemuel_coloured_pillars_altar, mainiacjoe_overflow_big_doors,
          minmay_ruptured
D:4:      layout_basic, chequers_temple_overflow_minitemple,
          minmay_temple_entry_crystal_x
D:5:      layout_loops_cross, chequers_ossuary_entry_cave, serial_bayou_pond_d,
          nicolae_elevator_lobby_asterisk
D:6:      layout_loops_ring, fiery_altar_vehumet, dk_yredelemnul_ordeal
D:7:      layout_basic, minmay_overflow_temple_star_hex, serial_shops,
          nicolae_shop_behind_doors
D:8:      layout_basic, corexii_checkpoint_a, nicolae_inconvenience_store,
          minivault_22
Temple:   nicolae_temple_two_arcs

Skill      XL: |  1  2  3  4  5  6  7  8  9 |
---------------+----------------------------+-----
Stealth        | 3 4 5 7 8 10 12 14 | 14.5
Fighting       | 1 2 |  2.7
Short Blades   | 1 2 4 5 |  5.4
Summonings     | 5 6 |  6.2
Hexes          | 1 |  1.2
Dodging        | |  2.4
Unarmed Combat | |  0.4
Spellcasting   | |  2.1

Action                   |  1- 3 |  4- 6 |  7- 9 || total
-------------------------+-------+-------+-------++-------
Melee: Unarmed           |     6 |       |       ||     6
       Dagger            |    36 |    72 |   165 ||   273
       Punch             |       |     1 |     3 ||     4
 Cast: Summon Small Mamm |     7 |       |       ||     7
       Call Canine Famil |       |     7 |    15 ||    22
       Call Imp          |       |       |     7 ||     7
       Summon Guardian G |       |       |     8 ||     8
  Use: Scroll            |       |     2 |       ||     2
       Potion            |       |     1 |     6 ||     7
 Stab: Sleeping          |     9 |    21 |    32 ||    62
       Distracted        |       |     1 |     4 ||     5
Armor: Robe              |     8 |    21 |    34 ||    63
Dodge: Dodged            |    29 |    54 |   142 ||   225

Table legend: (Time is in decaauts)
 A = Elapsed time spent in this place.
 B = Non-inter-level travel time spent in this place.
 C = Inter-level travel time spent in this place.
 D = Time resting spent in this place.
 E = Time spent auto-exploring this place.
 F = Levels seen in this place.
 G = Mean time per level.
                   A        B        C        D        E       F      G
               +--------+--------+--------+--------+--------+-----+--------+
         Total |   7560 |   7325 |    235 |   1904 |   4230 |   9 |  840.0 |
       Dungeon |   7401 |   7183 |    218 |   1904 |   4097 |   8 |  925.1 |
        Temple |    158 |    141 |     17 |      0 |    133 |   1 |  158.0 |
               +--------+--------+--------+--------+--------+-----+--------+

Top non-repeatable levels by time:
     D:6: 1411 daAuts
     D:7: 1382 daAuts
     D:2: 1249 daAuts
     D:4: 960 daAuts
     D:1: 949 daAuts
     D:5: 908 daAuts
     D:3: 515 daAuts
  Temple: 158 daAuts
     D:8: 24 daAuts
